 Dungeon Crawl Stone Soup version 0.21.1-1-g345015f (webtiles) character file.

146 Zhenya24pyc the Skirmisher (level 5, -2/33 HPs)
             Began as a Gargoyle Fighter on Feb 6, 2018.
             Slain by ceb's ghost (9 damage)
             ... on level 3 of the Dungeon.
             The game lasted 00:02:29 (1519 turns).

Zhenya24pyc the Skirmisher (Gargoyle Fighter)       Turns: 1519, Time: 00:02:30

Health: -2/33      AC: 10    Str: 21    XL:     5   Next: 28%
Magic:  5/5        EV:  8    Int:  8    God:
Gold:   186        SH:  9    Dex:  9    Spells: 4/4 levels left

rFire    . . .     SeeInvis .   p - -2 mace (curse)
rCold    . . .     Gourm    .   c - +0 shield
rNeg     + . .     Faith    .   b - +0 scale mail
rPois    ∞         Spirit   .   (no helmet)
rElec    +         Reflect  .   (no cloak)
rCorr    .         Harm     .   (no gloves)
MR       +....                  (no boots)
Stlth    ..........             (no amulet)
HPRegen  0.11/turn              e - ring of protection from magic
MPRegen  0.09/turn              (no ring)

@: no status effects
A: negative energy resistance 1, electricity resistance, unbreathing,
petrification resistance, rot immunity, AC +4
a: no special abilities


You were on level 3 of the Dungeon.
You were not hungry.

You visited 1 branch of the dungeon, and saw 3 of its levels.

You collected 186 gold pieces.

Inventory:

Hand Weapons
 a - a +0 flail
 p - a cursed -2 mace (weapon)
Armour
 b - a +0 scale mail (worn)
 c - a +0 shield (worn)
Jewellery
 e - a ring of protection from magic (left hand)
 m - an uncursed ring of protection from cold {unknown}
Wands
 q - a wand of flame (12)
Scrolls
 g - a scroll of enchant armour {unknown}
 h - a scroll of identify {unknown}
 n - a scroll of magic mapping {unknown}
Potions
 d - a potion of might
 i - a potion of haste {unknown}
 j - a potion of berserk rage {unknown}
 k - a potion of lignification {unknown}
 l - a potion of flight {unknown}
 o - a potion of agility {unknown}
Comestibles
 f - 4 rations


   Skills:
 + Level 4.2 Fighting
 * Level 4.0 Maces & Flails
 - Level 3.2 Armour
 + Level 1.7 Dodging
 - Level 3.2 Shields


You had 4 spell levels left.
You didn't know any spells.

Dungeon Overview and Level Annotations

Branches:
Dungeon (3/15)

Altars:
Dithmenos
Xom

Annotations:
D:3 ceb's ghost, amateur HOFi


Innate Abilities, Weirdness & Mutations

You are resistant to torment.
Your stone body is resilient. (AC +4)
You are immune to poison.
You resist negative energy. (rN+)
You are resistant to electric shocks. (rElec)
You can survive without breathing.
You are immune to petrification.
You are immune to rotting.


Message History

Ceb's ghost is lightly damaged.
Ceb's ghost closely misses you.
You hit ceb's ghost.
Ceb's ghost is lightly damaged.
Ceb's ghost hits you.
* * * LOW HITPOINT WARNING * * *
You sock ceb's ghost!
Ceb's ghost is moderately damaged.
Ceb's ghost hits you but does no damage.
You hit ceb's ghost but do no damage.
Ceb's ghost is moderately damaged.
Ceb's ghost hits you but does no damage.
You block ceb's ghost's attack.
You sock ceb's ghost!
Ceb's ghost is heavily damaged.
You block ceb's ghost's attack.
You sock ceb's ghost!
Ceb's ghost is severely damaged.
Ceb's ghost hits you!
You die...

#.# ## ##.##.. #...#.#
..... .... #.. #s# .#
#W# #.#.## # ##@##
#.#....# ##...## #.#
#..# ##...(.##
#.###..## #.......##
#........
#..(......####...#.###
+........÷'...........
#.........####......##
##.......## ##.....##
##.....## #.....##


You could see ceb's ghost and a giant cockroach.

Vanquished Creatures
  A hound (D:2)
  4 adders
  3 oozes
  A worm (D:2)
  4 dart slugs
  A leopard gecko (D:3)
  A ball python (D:1)
  3 giant cockroaches
  6 goblins
  6 hobgoblins
  2 jackals (D:1)
  7 kobolds
  A quokka (D:2)
  6 bats
  5 frilled lizards
  8 rats
59 creatures vanquished.

Notes
Turn   | Place    | Note
-------+----------+-------------------------------------------
     0 | D:1      | Zhenya24pyc the Gargoyle Fighter began the quest for the Orb.
     0 | D:1      | Reached XP level 1. HP: 14/14 MP: 1/1
   105 | D:1      | Reached XP level 2. HP: 14/19 MP: 2/2
   299 | D:1      | Reached XP level 3. HP: 23/23 MP: 3/3
   362 | D:1      | Reached skill level 1 in Dodging
   761 | D:2      | Reached XP level 4. HP: 26/29 MP: 4/4
  1118 | D:2      | Found a shadowy altar of Dithmenos.
  1129 | D:2      | Found a shimmering altar of Xom.
  1250 | D:2      | Reached XP level 5. HP: 33/33 MP: 5/5
  1502 | D:3      | Noticed ceb's ghost (amateur HOFi)
  1519 | D:3      | Slain by ceb's ghost

Skill      XL: |  1  2  3  4  5 |
---------------+----------------+-----
Maces & Flails | 3 4 |  4.0
Dodging        | 1 |  1.7
Fighting       | 4 |  4.2
Armour         | |  3.2
Shields        | |  3.2

Action                   |  1- 3 |  4- 6 || total
-------------------------+-------+-------++-------
Melee: Flail             |   108 |    78 ||   186
       Mace              |       |    55 ||    55
  Eat: Chunk             |       |     3 ||     3
Armor: Scale mail        |    80 |    75 ||   155
Dodge: Dodged            |    28 |    48 ||    76
Block: Shield            |    65 |    85 ||   150
